← All builds
Tech / Armada / Economy first / OBSERVED BUILD

Standard tech

Armada Tech (Eco) build order · Supreme Isthmus

Rushes T2 by 4:15, gets Advanced Metal Extractor around 5:28, hands off T2 constructors to Geo and the team, then scales eco and supplies the team's T2 needs through the rest of the game.

Usually first T2 con to Geo (83%)

#eco #t2 #team support · 1579 distinct matches · 255 players · 58% of Armada Tech games · team won 53% of 1874 · Recently observed

HOW TO PLAY IT

Key timing: T2 factory by 4:15

  1. Open 3 mex and heavy wind to fund a fast T2 rush.
  2. Put down Bot Lab, planning to eat it for reclaim soon after.
  3. Get Advanced Bot Lab up, hitting the T2 factory rush timing.
  4. Upgrade mex to Advanced Metal Extractor to lock in team metal income.
  5. Eat Advanced Bot Lab and keep sending cons to Geo and Pond.

Phase by phase

TYPICAL OF ITS 1579 GAMES
  1. 1
  2. 2
  3. 3
  4. 4
PLAY THE OPENING

Follow the example game's first 6:00 step by step: what to build now, what comes next, and where it goes. At 1× it keeps pace with your own game.

  1. 1

    Up to the Bot Lab

    Economy
    • Metal Extractor3Mex
    • Wind Turbine4Wind
    Order
    1. Bot LabBot Lab after 3 mex, 4 winddone ~1:18, middle half 1:13–1:32

    Some games also: energy storage (31%)

    By 1:01 in all: 3 mex · 4 wind

    The example game in this phase · 3 steps
    1. Mex ×3
    2. Wind ×3
    3. Bot LabBot Labdone 1:09 · typical 1:18
  2. 2

    Bot Lab to Advanced Bot Lab

    Economy
    • Metal Extractor1Mex
    • Wind Turbine8Wind
    • Energy Storage1Energy storage
    Order
    1. Advanced Bot LabAdvanced Bot Lab after 4 mex, 12 wind, 3 con turretdone ~4:16, middle half 4:04–4:30
    Builders
    • Construction Turret3 Con turret
    • Lazarus3 Lazarus
    • Construction Bot2 Con bot
    • Construction Bot1 Con bot for allies

    Some games also: converter (36%)

    By 3:18 in all: 4 mex · 12 wind · 1 energy storage · 3 con turret

    The example game in this phase · 11 steps
    1. Wind
    2. LazarusLazarus ×3
    3. Construction BotCon bot ×3
    4. Con turret
    5. Wind
    6. Con turret
    7. Wind
    8. Mex
    9. Energy storage
    10. Wind ×2
    11. Advanced Bot LabAdvanced Bot Labdone 3:40 · typical 4:16
  3. 3

    Advanced Bot Lab to 5:00

    Economy
    • Wind Turbine3Wind
    Order
    1. Bot LabEat Bot Lab
    Builders
    • Advanced Construction Bot1 T2 con bot for allies

    Some games also: converter (35%)

    By 5:00 in all: 4 mex · 15 wind · 1 converter · 1 energy storage · 3 con turret

    The example game in this phase · 4 steps
    1. Bot LabEat Bot Labreclaimed for its metal
    2. Advanced Construction BotT2 con botfor Geo
    3. Advanced Metal ExtractorT2 mex ×3done 4:16 · typical 5:29
    4. SharpshooterSniper botfor Ponddone 5:23
  4. 4

    5:00 to 10:00

    Economy
    • Wind Turbine43Wind
    • Energy Converter6Converter
    Builders
    • Butler9 Butler
    • Advanced Construction Bot4 T2 con bot for allies
    • Advanced Construction Bot1 T2 con bot

    Some games also: con turret (43%) · Butler for allies (36%)

    By 10:00 in all: 4 mex · 58 wind · 8 converter · 1 energy storage · 3 con turret

    The example game in this phase · 320 steps
    1. Advanced Construction BotT2 con botfor unknown
    2. ButlerButler ×3
    3. Advanced Construction BotT2 con botfor Pond
    4. ButlerButler
    5. Advanced Metal ExtractorT2 mex
    6. ButlerButler ×2
    7. Wind
    8. Advanced Construction BotT2 con botfor Beach sea
    9. Wind ×10
    10. ButlerButler
    11. Wind ×3
    12. ButlerButler
    13. Wind ×3
    14. ButlerButler
    15. Wind ×3
    16. Advanced Construction BotT2 con botfor Geo sea
    17. Wind ×4
    18. Converter
    19. Wind ×6
    20. Converter
    21. Wind ×2
    22. ButlerButler
    23. Converter
    24. Wind ×3
    25. ButlerButler
    26. Wind
    27. Converter
    28. Wind ×2
    29. ButlerButler
    30. Wind
    31. Converter
    32. Wind ×3
    33. Converter
    34. Wind
    35. ButlerButler
    36. Wind ×4
    37. Converter
    38. Wind
    39. ButlerButler
    40. Wind ×2
    41. Converter
    42. Wind ×3
    43. ButlerButler
    44. Wind ×2
    45. Converter
    46. Wind
    47. ButlerButler
    48. Wind ×4
    49. ButlerButler
    50. Converter
    51. Wind ×5
    52. ButlerButler
    53. Wind ×2
    54. Converter
    55. Wind ×4
    56. ButlerButler
    57. Wind
    58. Converter
    59. Wind ×4
    60. ButlerButler
    61. Wind ×3
    62. Converter
    63. Wind ×3
    64. ButlerButler
    65. Wind ×4
    66. Converter
    67. Wind ×2
    68. ButlerButler
    69. Wind ×6
    70. ButlerButler
    71. Converter
    72. Wind ×5
    73. Converter
    74. ButlerButler
    75. Wind ×2
    76. Converter
    77. Wind ×2
    78. ButlerButler
    79. Wind ×3
    80. Converter
    81. ButlerButler
    82. Wind ×4
    83. Converter
    84. Wind
    85. Converter
    86. Wind
    87. ButlerButler
    88. Wind ×2
    89. Converter
    90. Wind ×2
    91. Converter
    92. Wind ×2
    93. ButlerButler
    94. Wind
    95. Converter
    96. Wind ×2
    97. Converter
    98. ButlerButler
    99. Wind ×3
    100. Converter
    101. Wind
    102. Converter
    103. Wind
    104. ButlerButler
    105. Wind ×3
    106. Converter ×2
    107. Wind ×3
    108. Converter
    109. ButlerButler
    110. Wind
    111. Converter
    112. Wind ×3
    113. Converter
    114. Wind
    115. Converter
    116. ButlerButler
    117. Wind ×3
    118. Converter
    119. Wind ×2
    120. Converter ×2
    121. Wind
    122. ButlerButler
    123. Wind
    124. Converter
    125. Wind ×3
    126. Converter
    127. Wind
    128. Converter
    129. Wind
    130. ButlerButler
    131. Wind ×3
    132. Converter
    133. Wind ×3
    134. ButlerButler
    135. Converter ×2
    136. Wind ×3
    137. Converter
    138. Wind ×3
    139. ButlerButler
    140. Wind ×2
    141. Converter ×2
    142. Wind
    143. Converter
    144. Wind ×6
    145. Converter ×2
    146. Wind ×3
    147. Converter
    148. Wind ×8
    149. UmbrellaAnti-nukedone 12:05
    150. Converter ×2
    151. Wind
    152. Converter
    153. Wind ×12
    154. Converter ×2
    155. Wind
    156. Converter
    157. Con turret
    158. Wind ×8
    159. Converter ×3
    160. Wind ×6
    161. Con turret
    162. Converter
    163. Wind ×3
    164. Converter ×2
    165. Wind
    166. Converter
    167. Wind ×6
    168. Converter
    169. Wind
    170. Con turret
    171. Converter ×2
    172. Wind
    173. Converter
    174. Wind ×7
    175. Converter ×3
    176. Wind
    177. Converter
    178. Wind ×6
    179. Converter ×2
    180. Wind
    181. Converter ×2
    182. Wind ×8
    183. Converter ×2
    184. Wind
    185. Converter
    186. Wind
    187. Converter
    188. Wind ×7
    189. Converter
    190. Advanced Construction BotT2 con bot
    191. Converter
    192. Wind ×3
    193. Converter
    194. Wind ×2
    195. Converter
    196. Wind ×5
    197. Converter ×2
    198. Wind ×2
    199. Converter
    200. Wind ×7
    201. Converter
    202. Wind
    203. Converter
    204. Wind
    205. Converter
    206. Advanced Fusion ReactorAdvanced Fusion Reactordone 13:55
    207. Wind ×5
    208. Converter
    209. Wind ×3
    210. Converter
    211. Wind ×5
    212. Converter
    213. Wind
    214. Converter
    215. Wind
    216. Converter
    217. Wind
    218. Converter
    219. Wind
    220. Energy storage
    221. Wind
    222. Converter
    223. Wind
    224. Converter
    225. Wind
    226. Converter
    227. Wind
    228. Converter
    229. Wind
    230. Converter
    231. Wind ×2
    232. Converter
    233. Wind
    234. Converter ×2
    235. Wind ×2
    236. Converter
    237. Wind
    238. Converter
    239. Wind
    240. Converter
    241. Wind ×2
    242. Converter
    243. Wind
    244. Converter ×2
    245. Wind
    246. Advanced Bot LabEat Advanced Bot Labreclaimed for its metal
    247. Con turret
    248. Converter
    249. Wind ×2
    250. Converter ×2
    251. Wind
    252. Energy storage
    253. Wind
    254. Converter
    255. Wind
    256. Converter
    257. Wind
    258. Converter
    259. Wind
    260. Converter
    261. Wind
    262. Converter
    263. Wind ×2
    264. Converter ×2
    265. Wind ×2
    266. Converter
    267. Wind ×2
    268. Converter ×2
    269. Wind ×2
    270. Converter ×2
    271. Wind
    272. Converter
    273. Wind
    274. Converter
    275. Wind ×2
    276. Converter ×2
    277. Wind ×2
    278. Converter
    279. Wind
    280. Advanced Fusion ReactorAdvanced Fusion Reactor
    281. Wind
    282. Converter ×2
    283. Wind
    284. Converter
    285. Wind
    286. Converter
    287. Wind
    288. Converter
    289. Wind
    290. Converter
    291. Wind
    292. Con turret
    293. Wind
    294. Converter ×2
    295. Wind ×2
    296. Con turret
    297. Converter
    298. Wind ×2
    299. Converter ×2
    300. Wind
    301. Converter
    302. Wind
    303. Converter
    304. Wind ×2
    305. Converter ×2
    306. Wind ×2
    307. Converter ×2
    308. Wind ×2
    309. Converter
    310. Wind ×2
    311. Converter ×2
    312. Wind
    313. Converter
    314. Wind ×3
    315. Converter ×3
    316. Wind ×2
    317. Converter ×2
    318. Wind ×2
    319. Converter
    320. Wind ×2

Counts are medians over the build's games: half of them build more, half fewer. The example game is DonGarillo's (31 OS, 11/10/2026); pick another.

Team trades

IN AT LEAST 30% OF ITS GAMES

You hand over

  • Construction Bot1 Con bot to Airfirst at 2:23 · in 84% of games
  • Advanced Construction Bot5 T2 con bot to Air or Geo sea or Pondfirst at 4:50 · in 99% of games
  • Butler2 Butler to Geo sea or Beach sea or Pondfirst at 9:07 · in 42% of games

You get

  • Hercules1 Light transport from Airfirst at 4:01 · in 86% of games

How it plays out

Typical game of this build, running totals by minute

Metal produced

020k40k
0:005:0010:0015:00

metal

Enemy metal destroyed

050100
0:005:0010:0015:00

metal

Own metal lost

050100150
0:005:0010:0015:00

metal

1874 games.

Show as table
ByMetal produced: This buildEnemy metal destroyed: This buildOwn metal lost: This build
1:0038300
2:0091500
3:00165100
4:00314400
5:00484700
6:00580000
7:00722700
8:00906100
9:001117300
10:001350300
11:001624200
12:001965600
13:002344500
14:0027362073
15:003154285130
WHAT THE NUMBERS SAY

Standard Tech play barely fights at all early, instead pouring metal into T2 infrastructure and constructors for the team.

  • + Metal produced hits 31679 by 15:00, by far the highest of any role here.
  • + T2 factory reached in 97% of games by 4:15, fastest and most reliable T2 timing.
  • − Enemy metal destroyed stays at 0 through 10:00, no early offense at all.
  • − Own metal lost also near 0, showing total avoidance of combat risk.
THE EXAMPLE YOU ARE READING

DonGarillo

30.9 OS · 11/10/2026

Open source match ↗

2 received units
2876 metal received · 143054 energy received

Allied construction assistance is unknown. Timings are observations, not a promise of solo reproducibility.

Typical milestones

Bot Lab1:18Middle 50%: 1:13–1:32 · n=1874
Advanced Bot Lab4:16Middle 50%: 4:04–4:30 · n=1867
Advanced Metal Extractor5:29Middle 50%: 5:05–5:59 · n=1870

Played most by

Amrissa93games of this buildTheGeneraI66games of this buildAdeus57games of this buildEl_Turco56games of this buildKOT_43games of this build
Standard tech · Armada Tech (Eco) build order · BAR Build Atlas